 Dungeon Crawl Stone Soup version 0.16-a0-3338-g714714c (webtiles) character file.

289 celem the Chopper (level 6, 0/47 HPs)
             Began as a Formicid Fighter on Dec 28, 2014.
             Killed from afar by Eustachio (7 damage)
             ... with a wand of frost
             ... on level 4 of the Dungeon on Dec 29, 2014.
             The game lasted 00:06:39 (3019 turns).

celem the Chopper (Formicid Fighter)                Turns: 3019, Time: 00:06:39

Health: 0/47       AC:  9    Str: 22    XL:     6   Next: 58%
Magic:  8/8        EV:  6    Int:  8    God:
Gold:   213        SH:  9    Dex: 10    Spells: 0 memorised, 5 levels left

rFire  . . .     SeeInvis +     C - +2 war axe (pain)
rCold  . . .     Clarity  .     B - -2 chain mail (curse)
rNeg   . . .     SustAb   .     c - +0 shield
rPois  .         Gourm    .     (helmet unavailable)
rElec  .         Spirit   .     w - +1 cloak
rCorr  .         Warding  .     (no gloves)
rMut   .         Stasis   +     (no boots)
MR     .....                    (no amulet)
Stlth  ..........               (no ring)
                                (no ring)

@: not resistant to hostile enchantments, extremely unstealthy
A: permanent stasis, dig shafts and tunnels, four strong arms, antennae 3
a: Dig, Shaft Self


You were on level 4 of the Dungeon.
You were not hungry.

You visited 1 branch of the dungeon, and saw 4 of its levels.

You collected 213 gold pieces.

Inventory:

Hand weapons
 a - a +0 war axe
 o - a +2 short sword of flaming
 t - a +2 short sword of holy wrath
 C - a +2 war axe of pain (weapon)
Armour
 b - a +0 scale mail
 c - a +0 shield (worn)
 w - a +1 cloak (worn)
 B - a cursed -2 chain mail (worn)
Jewellery
 j - an uncursed ring of wizardry {unknown}
 k - an uncursed ring of fire {unknown}
 A - an uncursed ring of poison resistance {unknown}
 E - an uncursed ring of flight {unknown}
Magical devices
 v - a wand of slowing (29)
Scrolls
 h - a scroll of teleportation {unknown}
 m - 2 scrolls of recharging {unknown}
 q - a scroll of immolation {unknown}
 y - 2 scrolls of identify {unknown}
 z - a scroll of amnesia {unknown}
 D - a scroll of fear {unknown}
Potions
 e - a potion of might
 f - a potion of curing {unknown}
 g - a potion of magic {unknown}
 i - a potion of mutation {unknown}
 l - a potion of cancellation {unknown}
 p - 2 potions of cure mutation {unknown}
 r - a potion of restore abilities {unknown}
 u - 2 potions of poison {unknown}
 G - a potion of brilliance {unknown}
Comestibles
 d - 4 bread rations
 n - 2 beef jerkies
 s - 2 slices of pizza
 x - 2 fruits


   Skills:
 - Level 3.2 Fighting
 + Level 6.4 Axes
 - Level 3.2 Armour
 - Level 3.6 Shields


You had 5 spell levels left.
You didn't know any spells.

Dungeon Overview and Level Annotations

Branches:
Dungeon (4/15)
 Temple: D:4-7

Altars:
Cheibriados
Qazlal
Ru
The Shining One

Annotations:
D:4 Eustachio


Innate Abilities, Weirdness & Mutations

You are under a permanent stasis effect.
You can dig through walls and to a lower floor.
Your four strong arms can wield two-handed weapons with a shield.
You have a pair of large antennae on your head (SInv).


Message History

You hit the quokka.
You kill the quokka!
The quokka's corpse disappears in a puff of smoke!
You hit Eustachio.
Eustachio is severely wounded.
Eustachio hits you with a falchion of electrocution.
You are electrocuted!
You barely miss Eustachio.
Eustachio is severely wounded.
Eustachio zaps a wand.
The puff of frost hits you!
* * * LOW HITPOINT WARNING * * *
You slash Eustachio!
Eustachio is almost dead.
Eustachio zaps a wand.
The puff of frost hits you!
* * * LOW HITPOINT WARNING * * *
Your shield and chain mail prevent you from hitting Eustachio.
Eustachio is almost dead.
You block Eustachio's attack.
Eustachio zaps a wand.
The puff of frost hits you!
You die...

..( #.# # #$# #.# # #.#
#.# # #.# #.#
##.####.########.########
.......†.†....(.......[...
###.###.#####.##.########
#.#####.##.# #.@@.......#
#######.#### #.# { #.# #.#
#.# #.# #.# .


You could see Eustachio.

Vanquished Creatures
  The ghost of yuleCrawler the Slasher, an average FoFi (D:3)
  An orc priest (D:3)
  An iron imp (D:4)
  An iguana (D:4)
  Terence (D:2)
  4 gnolls (D:4)
  An adder (D:3)
  A worm (D:2)
  3 giant geckos (D:1)
  8 orcs (D:3)
  4 giant cockroaches
  8 goblins
  7 hobgoblins
  3 jackals (D:4)
  13 kobolds
  2 quokkas (D:4)
  9 bats
  A giant newt (D:3)
  11 rats
80 creatures vanquished.

Notes
Turn   | Place    | Note
--------------------------------------------------------------
     0 | D:1      | celem, the Formicid Fighter, began the quest for the Orb.
     0 | D:1      | Reached XP level 1. HP: 18/18 MP: 1/1
    85 | D:1      | Reached XP level 2. HP: 24/24 MP: 3/3
   382 | D:1      | Reached XP level 3. HP: 24/29 MP: 4/4
   715 | D:2      | Noticed Terence
   731 | D:2      | Killed Terence
   731 | D:2      | Reached skill level 4 in Axes
   731 | D:2      | Reached XP level 4. HP: 14/35 MP: 5/5
  1333 | D:2      | Found a snail-covered altar of Cheibriados.
  1333 | D:2      | Found a stormy altar of Qazlal.
  1333 | D:2      | Found a glowing golden altar of the Shining One.
  1538 | D:3      | Noticed yuleCrawler's ghost (average FoFi)
  1550 | D:3      | Killed yuleCrawler's ghost
  1550 | D:3      | Reached skill level 5 in Axes
  1550 | D:3      | Reached XP level 5. HP: 14/41 MP: 7/7
  2013 | D:3      | Reached XP level 6. HP: 12/47 MP: 8/8
  2398 | D:4      | Reached skill level 6 in Axes
  2934 | D:4      | Found a sacrificial altar of Ru.
  2977 | D:4      | Noticed Eustachio
  3019 | D:4      | Killed from afar by Eustachio

Action                   |  1- 3 |  4- 6 || total
-------------------------+-------+-------++-------
Melee: War axe           |    95 |   137 ||   232
  Eat: Meat ration       |       |     1 ||     1
       Chunk             |       |     2 ||     2
